 Dungeon Crawl Stone Soup version 0.32-a0-960-g3814254bd7 (webtiles) character file.

Game seed: 4136406801435012216

1355 Mgcat the Chopper (level 8, -16/63 HPs)
             Began as a Coglin Fighter on Apr 17, 2024.
             Was a Believer of Okawaru.
             Killed from afar by Maggie (17 damage)
             ... with a bolt of fire
             ... on level 6 of the Dungeon.
             The game lasted 00:08:40 (5076 turns).

Mgcat the Chopper (Coglin Fighter)                  Turns: 5076, Time: 00:08:40

Health: -16/63     AC: 11    Str: 18    XL:     8   Next: 63%
Magic:  8/10       EV: 11    Int:  7    God:    Okawaru [**....]
Gold:   169        SH:  0    Dex: 15    Spells: 7/7 levels left

rFire   . . .        h - +2 broad axe {Qiang}
rCold   . . .        t - +3 hand axe (freeze) {Enrique}
rNeg    . . .        b - +0 scale mail
rPois   .            (no helmet)
rElec   .            f - +0 cloak
rCorr   .            (no gloves)
SInv    .            c - +0 pair of boots
Will    .....        (amulet unavailable)
Stlth   ++           (ring unavailable)
HPRegen 0.30/turn    (ring unavailable)
MPRegen 0.12/turn    (no gizmo)

%: no passive effects
@: heroic, mesmerised, revved
A: off-hand wielding, slow wielding, warmup strikes, no jewellery
a: Invent Gizmo, Renounce Religion, Heroism


You were on level 6 of the Dungeon.
You worshipped Okawaru.
Okawaru was pleased with you.
You visited 2 branches of the dungeon, and saw 7 of its levels.
You also visited: Ossuary.

You collected 169 gold pieces.

Inventory:

Hand Weapons
 h - a +2 broad axe (weapon) {Qiang}
   (You found it on level 5 of the Dungeon)
 t - a +3 hand axe of freezing (offhand) {Enrique}
   (You took it off an orc on level 4 of the Dungeon)
Armour
 b - a +0 scale mail (worn)
 c - a +0 pair of boots (worn)
   (You found it on level 4 of the Dungeon)
 f - a +0 cloak (worn)
   (You found it on level 1 of the Dungeon)
Talismans
 p - a storm talisman
   (You found it on level 3 of the Dungeon)
 s - a maw talisman
   (You found it on level 4 of the Dungeon)
Wands
 m - a wand of flame (14)
   (You found it on level 3 of the Dungeon)
Scrolls
 g - 3 scrolls of teleportation
 k - a scroll of noise {!r}
Potions
 d - 2 potions of might
 e - 4 potions of heal wounds {unknown}
 i - 2 potions of berserk rage {!q}
 l - 4 potions of curing {unknown}
 n - a potion of invisibility {unknown}
 o - 2 potions of degeneration {!q}
 q - a potion of haste {unknown}
 r - 2 potions of lignification {unknown}


   Skills:
 + Level 5.5(10.5) Fighting
 * Level 7.0(12.0) Axes
 + Level 5.0(10.0) Armour
 - Level 2.1(7.1) Shields
 + Level 3.1 Invocations


You had 7 spell levels left.
You didn't know any spells.
Your spell library was empty.

Dungeon Overview and Level Annotations

Branches:
Dungeon (6/15)             Temple (1/1) D:4         Ossuary (visited)

Altars:
Ashenzari
Dithmenos
Elyvilon
Fedhas
Gozag
Hepliaklqana
Kikubaaqudgha
Makhleb
Okawaru
Ru
Sif Muna
Vehumet
Xom
Yredelemnul
Zin
The Shining One
Beogh

Annotations:
D:4 3 runed translucent doors, Shym's ghost, novice FoEE
D:6 Maggie


Innate Abilities, Weirdness & Mutations

You can wield a second weapon in your off-hand.
It takes a long time for you to wield or remove held weapons.
Your first few attacks do less damage.
You cannot equip rings or amulets.


Message History

You hit the white imp with your +3 hand axe of freezing.
You kill the white imp!
Okawaru accepts your kill.
Your Axes skill increases to level 7!
No target in view!
No target in view!
You see here a +0 short sword.
You see here 5 boomerangs.
Things that are here:
a +0 scale mail; a +0 heavy flail You see here a quokka skeleton.
Done exploring.
Done exploring.
Done exploring.
Done exploring.
Done exploring.
Done exploring.
What level of the Dungeon? (default 5, ? - help)
There is a stone staircase leading down here.
You climb downwards.
Found a murky blue potion.
Found a stone staircase leading up.
There is a stone staircase leading up here.
r - 2 murky blue potions (gained 1) Maggie the Vainglorious comes into view.
She is wielding a +2 morningstar of flaming.
Maggie shouts!
You hear an angry hiss.
Maggie casts a spell at you. The bolt of fire misses you.
Maggie mumbles some strange words.
Maggie attempts to bespell you!
You are mesmerised by Maggie!
You slash Maggie with your +2 broad axe!
Maggie is lightly wounded.
You hit Maggie with your +3 hand axe of freezing.
You freeze Maggie.
A steam dragon comes into view.
Maggie closely misses you.
Spoiler Alert: The steam dragon breathes balls of steam!
You hit Maggie but do no damage.
Maggie is moderately wounded.
You barely miss Maggie with your +2 broad axe.
Maggie closely misses you.
You barely miss Maggie with your +3 hand axe of freezing.
Maggie is moderately wounded.
You hit Maggie but do no damage.
Maggie says, "Leave now, and tell all of Maggie's mercy!"
Maggie closely misses you.
Spoiler Alert: The steam dragon breathes balls of steam!
You hit Maggie but do no damage.
Maggie is moderately wounded.
You hit Maggie but do no damage. The steam dragon breathes steam at you.
The ball of steam hits you!
Maggie hits you with a +2 morningstar of flaming.
Maggie burns you.
You take 21 damage, and have 42/63 hp.
MASSIVE DAMAGE!!
You gain the combat prowess of a mighty hero.
You are engulfed in a cloud of scalding steam.
Maggie barely misses you.
You take 4 damage, and have 38/63 hp.
You now have 8/10 mp.
Maggie hits you with a +2 morningstar of flaming.
Maggie burns you.
You take 2 damage, and have 36/63 hp.
You slash Maggie with your +2 broad axe!
Maggie is heavily wounded.
You slash Maggie with your +3 hand axe of freezing!
You freeze Maggie.
Maggie hits you with a +2 morningstar of flaming!
Maggie burns you.
You take 16 damage, and have 20/63 hp.
MASSIVE DAMAGE!!
You barely miss Maggie with your +2 broad axe.
Maggie is severely wounded.
You slash Maggie with your +3 hand axe of freezing!
You freeze Maggie.
You hit Maggie with your +3 hand axe of freezing.
You freeze Maggie.
Maggie is almost dead.
You closely miss Maggie with your +2 broad axe.
Maggie hits you but does no damage.
Spoiler Alert: The steam dragon breathes balls of steam!
You hit Maggie but do no damage.
Maggie is almost dead.
You hit Maggie with your +2 broad axe. The steam dragon breathes steam at you.
The ball of steam hits you!!
* * * LOW HITPOINT WARNING * * *
Maggie closely misses you.
Something shouts, "Get thee hence, thou frothy rump-fed urchin!"
You take 19 damage, and have 1/63 hp.
MASSIVE DAMAGE!!
Spoiler Alert: The steam dragon breathes balls of steam!
Unknown command.
Unknown command.
Okay, then.
Unknown command.
Okay, then.
Unknown command.
Spoiler Alert: The steam dragon breathes balls of steam!
Maggie says, "Fear not.
I will immortalise you in the tale of my first kill."
Maggie points at you and mumbles some strange words.
The bolt of fire hits you!
You die...

#....# .#
#.##.# .
#.##.# .#
#..#.###.#
##.#..#..#
#.##...#
#.##..##
#.#§D§#
#.@@#§#
##..#§#
##....
...§..
......#
........#
.....#...
...#...


You could see Maggie (mesmerising) and a steam dragon.

Vanquished Creatures
  Edmund (D:5)
  An ogre (D:5)
  2 black bears (D:4)
  An elf zombie (Ossuary)
  A phantom (D:4)
  A kobold brigand (D:5)
  2 scorpions (Ossuary)
  A jelly (D:4)
  2 hounds (D:5)
  4 bombardier beetles
  An orc priest (D:5)
  Jessica (D:3)
  2 sleepcaps
  An orc wizard (D:4)
  4 scorpion zombies (Ossuary)
  3 mummies (Ossuary)
  3 adders
  A white imp (D:5)
  3 adder zombies (Ossuary)
  A ribbon worm (D:2)
  A dart slug (D:2)
  5 orcs
  3 bats
  3 endoplasms
  3 giant cockroaches
  7 goblins
  7 hobgoblins
  5 quokkas
  14 ball pythons
  4 frilled lizards
  3 gnoll zombies (Ossuary)
  3 jackal zombies (Ossuary)
  15 kobolds
  3 kobold zombies (Ossuary)
  8 rats
120 creatures vanquished.

Notes
Turn   | Place    | Note
-------+----------+-------------------------------------------
     0 | D:1      | Mgcat the Coglin Fighter began the quest for the Orb.
     0 | D:1      | Reached XP level 1. HP: 18/18 MP: 1/1
    49 | D:1      | Reached XP level 2. HP: 15/24 MP: 2/2
   455 | D:1      | Reached XP level 3. HP: 17/29 MP: 3/3
   507 | D:1      | Reached skill level 3 in Armour
   728 | D:2      | Reached skill level 3 in Axes
   737 | D:2      | Found a shimmering altar of Xom.
   811 | D:2      | You fall into a shaft and drop 1 floor!
   901 | D:3      | Noticed Jessica
   905 | D:3      | Killed Jessica
   906 | D:3      | Reached XP level 4. HP: 35/35 MP: 4/4
   911 | D:3      | Found a shimmering blue altar of Sif Muna.
  1064 | D:3      | Found a sacrificial altar of Ru.
  1808 | D:2      | Reached XP level 5. HP: 42/42 MP: 5/5
  2318 | D:4      | Reached skill level 4 in Axes
  2394 | D:4      | Identified the +7 spear of the Conjuring Gods {spect, rElec
                  | rF- rC++ Int+3}
  2397 | D:4      | Found a staircase to the Ecumenical Temple.
  2407 | Temple   | Entered the Ecumenical Temple
  2418 | Temple   | Became a worshipper of Warmaster Okawaru
  2517 | D:4      | Found a runed translucent gate.
  2517 | D:4      | Noticed Shym's ghost (novice FoEE)
  2518 | D:4      | Found a runed translucent gate.
  2523 | D:4      | Found a runed translucent gate.
  2523 | D:4      | Identified the +6 hand axe "Zitz" {pain, rPois Stlth+}
  2635 | D:4      | Reached skill level 4 in Fighting
  2645 | D:4      | Reached XP level 6. HP: 30/48 MP: 6/6
  2718 | D:4      | Reached skill level 1 in Invocations
  2821 | D:4      | Noticed a black bear
  2830 | D:4      | Killed a black bear
  2830 | D:4      | Reached * piety under Okawaru
  2831 | D:4      | Reached skill level 5 in Axes
  2831 | D:4      | Reached skill level 4 in Armour
  2831 | D:4      | Reached XP level 7. HP: 43/55 MP: 6/8
  3533 | D:4      | Found a roughly hewn altar of Beogh.
  3565 | D:5      | Entered Level 5 of the Dungeon
  3645 | D:5      | HP: 13/55 [poisoned by a kobold brigand]
  3646 | D:5      | Reached skill level 2 in Invocations
  3944 | D:5      | Noticed Edmund
  3954 | D:5      | Killed Edmund
  4011 | D:5      | Found a sand-covered staircase.
  4015 | Ossuary  | Entered an ossuary
  4023 | Ossuary  | Reached ** piety under Okawaru
  4024 | Ossuary  | Reached skill level 5 in Fighting
  4024 | Ossuary  | Reached skill level 6 in Axes
  4025 | Ossuary  | Reached XP level 8. HP: 58/62 MP: 9/9
  4403 | D:5      | Found the ring of the Tortoise {AC+8}
  4605 | D:5      | Reached skill level 3 in Invocations
  4755 | D:5      | Reached skill level 5 in Armour
  4841 | D:5      | Reached skill level 7 in Axes
  5062 | D:6      | Noticed Maggie
  5075 | D:6      | HP: 1/63 [steam dragon/ball of steam (20)]
  5076 | D:6      | Killed from afar by Maggie

Illustrated notes

Levels and vault maps discovered:
D:1:      beargit_arrival_diablo_church, layout_basic, st_stairs_14,
          amcnicky_mini_corridor_feature
D:2:      layout_basic, basic_altar
D:3:      layout_basic, tgw_sif, nicolae_ru_the_path_less_chosen, minivault_26
D:4:      layout_loops_corners, minmay_temple_entry_enclosed_plants,
          biasface_ghost_orc_armoury, serial_glass, glass_columns_b,
          glass_columns_a, glass_columns_a, glass_columns_a, glass_columns_b,
          glass_columns_a, kennysheep_generic_room_12
D:5:      layout_loops_ring, nicolae_ossuary_entry_plus, uniq_edmund
D:6:      layout_rooms, nicolae_wu_jian_wuxing_cycle, uniq_eustachio,
          uniq_maggie
Temple:   nicolae_temple_bog_church

Skill      XL: |  1  2  3  4  5  6  7  8 |
---------------+-------------------------+-----
Armour         | 3 4 5 |  5.0
Axes           | 3 4 5 6 7 |  7.0
Fighting       | 4 5 |  5.5
Invocations    | 1 2 3 |  3.1
Shields        | |  2.1

Action                     |  1- 3 |  4- 6 |  7- 9 || total
---------------------------+-------+-------+-------++-------
  Melee: War axe           |    75 |    79 |    95 ||   249
         Club              |    52 |    59 |       ||   111
         Hand axe          |       |    23 |   110 ||   133
         Broad axe         |       |       |    17 ||    17
 Invoke: Heroism           |       |       |     2 ||     2
  Evoke: Wand              |     1 |       |     1 ||     2
    Use: Scroll            |       |       |    13 ||    13
 Armour: Scale mail        |    78 |    52 |   120 ||   250
  Dodge: Dodged            |    34 |    42 |    47 ||   123

Table legend: (Time is in decaauts)
 A = Elapsed time spent in this place.
 B = Non-inter-level travel time spent in this place.
 C = Inter-level travel time spent in this place.
 D = Time resting spent in this place.
 E = Time spent auto-exploring this place.
 F = Levels seen in this place.
 G = Mean time per level.
                   A        B        C        D        E       F      G
               +--------+--------+--------+--------+--------+-----+--------+
         Total |   5131 |   4899 |    232 |    205 |   3853 |   8 |  641.4 |
       Dungeon |   4799 |   4587 |    212 |    124 |   3719 |   6 |  799.8 |
        Temple |     22 |      2 |     20 |      0 |      0 |   1 |   22.0 |
       Ossuary |    309 |    309 |      0 |     81 |    134 |   1 |  309.0 |
               +--------+--------+--------+--------+--------+-----+--------+

Top non-repeatable levels by time:
     D:4: 1293 daAuts
     D:5: 1129 daAuts
     D:3: 836 daAuts
     D:2: 772 daAuts
     D:1: 744 daAuts
 Ossuary: 309 daAuts
  Temple: 22 daAuts
     D:6: 22 daAuts

Levels and vault maps discovered:
D:1:      beargit_arrival_diablo_church, layout_basic, st_stairs_14,
          amcnicky_mini_corridor_feature
D:2:      layout_basic, basic_altar
D:3:      layout_basic, tgw_sif, nicolae_ru_the_path_less_chosen, minivault_26
D:4:      layout_loops_corners, minmay_temple_entry_enclosed_plants,
          biasface_ghost_orc_armoury, serial_glass, glass_columns_b,
          glass_columns_a, glass_columns_a, glass_columns_a, glass_columns_b,
          glass_columns_a, kennysheep_generic_room_12
D:5:      layout_loops_ring, nicolae_ossuary_entry_plus, uniq_edmund
D:6:      layout_rooms, nicolae_wu_jian_wuxing_cycle, uniq_eustachio,
          uniq_maggie
Temple:   nicolae_temple_bog_church

Table legend: (Time is in decaauts)
 A = Elapsed time spent in this place.
 B = Non-inter-level travel time spent in this place.
 C = Inter-level travel time spent in this place.
 D = Time resting spent in this place.
 E = Time spent auto-exploring this place.
 F = Levels seen in this place.
 G = Mean time per level.
                   A        B        C        D        E       F      G
               +--------+--------+--------+--------+--------+-----+--------+
         Total |   5131 |   4899 |    232 |    205 |   3853 |   8 |  641.4 |
       Dungeon |   4799 |   4587 |    212 |    124 |   3719 |   6 |  799.8 |
        Temple |     22 |      2 |     20 |      0 |      0 |   1 |   22.0 |
       Ossuary |    309 |    309 |      0 |     81 |    134 |   1 |  309.0 |
               +--------+--------+--------+--------+--------+-----+--------+

Top non-repeatable levels by time:
     D:4: 1293 daAuts
     D:5: 1129 daAuts
     D:3: 836 daAuts
     D:2: 772 daAuts
     D:1: 744 daAuts
 Ossuary: 309 daAuts
  Temple: 22 daAuts
     D:6: 22 daAuts

Table legend:
 A = Kills in this place as a percentage of kills in the entire game.
 B = Kills by you in this place as a percentage of kills by you in the entire game.
 C = Kills by friends in this place as a percentage of kills by friends in the entire game.
 D = Other kills in this place as a percentage of other kills in the entire game.
 E = Experience gained in this place as a percentage of experience gained in the entire game.
 F = Experience gained in this place divided by the number of levels of this place that you have seen.
                   A       B       C       D       E      F
               +-------+-------+-------+-------+-------+----------------------
         Total | 100.0 | 100.0 |   N/A |   N/A | 100.0 | 242.0
       Dungeon |  81.7 |  81.7 |   N/A |   N/A |  74.5 | 240.3
       Ossuary |  18.3 |  18.3 |   N/A |   N/A |  25.5 | 494.0
               +-------+-------+-------+-------+-------+----------------------
